TOP OF THE 1ST |
Seattle Mariners batting - Pitching for Texas Rangers : LHP Jon Lester
|
Pitching: LHP Jon Lester
|
|
Batting: LHB Ben Revere
|
0-0: Ball 1-0: Called Strike 1-1: Swinging Strike 1-2: Ground out 4-3 (Groundball, 4S)
|
Batting: RHB Tyler O'Neill
|
0-0: Called Strike 0-1: Ball 1-1: Called Strike 1-2: Foul Ball, location: 2F 1-2: Ball 2-2: Ball 3-2: Reached on error, E6 (Groundball, 6)
|
Batting: RHB Manny Machado
|
0-0: Ground out 5-3 (Groundball, 5)
|
Batting: RHB Kris Bryant
|
0-0: Called Strike 0-1: Ball 1-1: Ball 2-1: Foul Ball, location: 2F 2-2: Ball 3-2: SINGLE (Line Drive, 7S) Tyler O'Neill to third Tyler O'Neill scores
|
Batting: LHB Preston Tucker
|
0-0: Swinging Strike 0-1: Ball 1-1: Foul Ball, location: 2F 1-2: Ball 2-2: Ball 3-2: Strikes out swinging
|
Top of the 1st over - 1 run, 1 hit, 1 error, 1 left on base; Seattle 1 - Texas 0 |
BOTTOM OF THE 1ST |
Texas Rangers batting - Pitching for Seattle Mariners : RHP Jose Berrios
|
Pitching: RHP Jose Berrios
|
|
Batting: LHB Joc Pederson
|
0-0: Ball 1-0: Fly out, F5 (Popup, 56)
|
Pitching: LHP Anthony Banda
|
|
Batting: RHB Andrelton Simmons
|
0-0: Ball 1-0: Ball 2-0: Called Strike 2-1: SINGLE (Groundball, 6D)
|
Batting: LHB Bryce Harper
|
0-0: Swinging Strike 0-1: Called Strike 0-2: Foul Ball, location: 2F 0-2: Ball 1-2: Ball 2-2: Foul Ball, location: 2F 2-2: Fly out, F9 (Flyball, 89S)
|
Batting: LHB Eric Thames
|
0-0: Fly out, F7 (Flyball, 7S)
|
Bottom of the 1st over - 0 runs, 1 hit, 0 errors, 1 left on base; Seattle 1 - Texas 0 |
TOP OF THE 2ND |
Seattle Mariners batting - Pitching for Texas Rangers : LHP Jon Lester
|
Batting: RHB Yoenis Cespedes
|
0-0: Ball 1-0: Ball 2-0: Ground out 4-3 (Groundball, 4)
|
Batting: RHB Christian Villanueva
|
0-0: Foul Ball, location: 2F 0-1: Swinging Strike 0-2: Strikes out swinging
|
Batting: RHB Caleb Joseph
|
0-0: Foul Ball, location: 2F 0-1: SINGLE (Groundball, 6D)
|
Batting: LHB Drew Robinson
|
0-0: Called Strike 0-1: Foul Ball, location: 2F 0-2: SINGLE (Groundball, 4MD) Caleb Joseph to second Runner from 2nd tries for 3rd, SAFE, throw by CF made to third
|
Batting: LHB Ben Revere
|
0-0: Foul Ball, location: 2F 0-1: Ball 1-1: Ball 2-1: Ground out 4-3 (Groundball, 4)
|
Top of the 2nd over - 0 runs, 2 hits, 0 errors, 2 left on base; Seattle 1 - Texas 0 |
BOTTOM OF THE 2ND |
Texas Rangers batting - Pitching for Seattle Mariners : LHP Anthony Banda
|
Batting: SHB Jeimer Candelario
|
0-0: Swinging Strike 0-1: Ball 1-1: Reached on error, E5 (Groundball, 56)
|
Batting: RHB Jake Smolinski
|
0-0: Ball 1-0: Ball 2-0: Fly out, F8 (Flyball, 8RD)
|
Batting: SHB Asdrubal Cabrera
|
0-0: Reached on error, E5 (Groundball, 56S) Jeimer Candelario to third
|
Batting: SHB Matt Wieters
|
0-0: Called Strike 0-1: Ball 1-1: Foul Ball, location: 2F 1-2: Fly out, F9 (Flyball, 9) Runner from 3rd tags up, OUT at HOME! 9-2
|
Bottom of the 2nd over - 0 runs, 0 hits, 2 errors, 1 left on base; Seattle 1 - Texas 0 |
TOP OF THE 3RD |
Seattle Mariners batting - Pitching for Texas Rangers : LHP Jon Lester
|
Batting: RHB Tyler O'Neill
|
0-0: Called Strike 0-1: Ball 1-1: Ground out 6-3 (Groundball, 6)
|
Batting: RHB Manny Machado
|
0-0: Fly out, F6 (Flyball, 56D)
|
Batting: RHB Kris Bryant
|
0-0: Ball 1-0: Ball 2-0: Ball 3-0: Swinging Strike 3-1: Foul Ball, location: 2F 3-2: Foul Ball, location: 2F 3-2: Base on Balls
|
Batting: LHB Preston Tucker
|
0-0: 2-RUN HOME RUN (Flyball, 89XD), Distance : 415 ft
|
Batting: RHB Yoenis Cespedes
|
0-0: Ball 1-0: SINGLE (Line Drive, 34D)
|
Batting: RHB Christian Villanueva
|
0-0: Foul Ball, location: 2F 0-1: Ball 1-1: Foul Ball, location: 2F 1-2: Strikes out swinging
|
Top of the 3rd over - 2 runs, 2 hits, 0 errors, 1 left on base; Seattle 3 - Texas 0 |
BOTTOM OF THE 3RD |
Texas Rangers batting - Pitching for Seattle Mariners : LHP Anthony Banda
|
Batting: SHB Breyvic Valera
|
0-0: Ball 1-0: SINGLE (Line Drive, 89S)
|
Batting: LHB Joc Pederson
|
0-0: Called Strike 0-1: Foul Ball, location: 2F 0-2: Ball 1-2: 2-RUN HOME RUN (Flyball, 7D), Distance : 373 ft
|
Batting: RHB Andrelton Simmons
|
0-0: Swinging Strike 0-1: Called Strike 0-2: Ball 1-2: Fly out, F7 (Flyball, 78S)
|
Batting: LHB Bryce Harper
|
0-0: Ball 1-0: Ball 2-0: Ball 3-0: Base on Balls
|
Batting: LHB Eric Thames
|
0-0: Called Strike 0-1: Ball 1-1: Foul Ball, location: 2F 1-2: Foul Ball, location: 2F 1-2: Ball 2-2: Ball 3-2: Fly out, F8 (Flyball, 78M) Lined into DP, 8-3 (Flyball, 78M)
|
Bottom of the 3rd over - 2 runs, 2 hits, 0 errors, 0 left on base; Seattle 3 - Texas 2 |
TOP OF THE 4TH |
Seattle Mariners batting - Pitching for Texas Rangers : LHP Jon Lester
|
Batting: RHB Caleb Joseph
|
0-0: Ball 1-0: Called Strike 1-1: Ball 2-1: Foul Ball, location: 2F 2-2: SOLO HOME RUN (Flyball, 78XD), Distance : 400 ft
|
Batting: LHB Drew Robinson
|
0-0: Swinging Strike 0-1: Swinging Strike 0-2: Foul Ball, location: 2F 0-2: Ball 1-2: Strikes out swinging
|
Batting: LHB Ben Revere
|
0-0: Called Strike 0-1: Ball 1-1: Ball 2-1: Ball 3-1: Ground out 4-3 (Groundball, 4)
|
Batting: RHB Tyler O'Neill
|
0-0: Called Strike 0-1: Called Strike 0-2: Ball 1-2: Foul Ball, location: 2F 1-2: Foul Ball, location: 2F 1-2: SINGLE (Line Drive, 8LS)
|
Batting: RHB Manny Machado
|
0-0: Called Strike Tyler O'Neill steals 2nd base 0-1: Ball 1-1: Ball 2-1: Ball 3-1: Ground out 6-3 (Groundball, 56D)
|
Top of the 4th over - 1 run, 2 hits, 0 errors, 1 left on base; Seattle 4 - Texas 2 |
BOTTOM OF THE 4TH |
Texas Rangers batting - Pitching for Seattle Mariners : LHP Anthony Banda
|
Batting: SHB Jeimer Candelario
|
0-0: Foul Ball, location: 2F 0-1: Ball 1-1: Swinging Strike 1-2: SINGLE (Line Drive, 3D)
|
Batting: RHB Jake Smolinski
|
0-0: Called Strike 0-1: Ball 1-1: Foul Ball, location: 2F 1-2: Ball 2-2: Fly out, F8 (Line Drive, 8LM)
|
Pitching: RHP Tyler Thornburg
|
|
Batting: SHB Asdrubal Cabrera
|
0-0: Ball 1-0: Swinging Strike 1-1: Ball 2-1: Ball 3-1: Grounds into double play, 4-6-3 (Groundball, 4)
|
Bottom of the 4th over - 0 runs, 1 hit, 0 errors, 0 left on base; Seattle 4 - Texas 2 |
TOP OF THE 5TH |
Seattle Mariners batting - Pitching for Texas Rangers : LHP Jon Lester
|
Batting: RHB Kris Bryant
|
0-0: Ball 1-0: Ball 2-0: Swinging Strike 2-1: SINGLE (Groundball, 6MD)
|
Batting: LHB Preston Tucker
|
0-0: Called Strike 0-1: Ball Wild Pitch! Kris Bryant to second 1-1: Ball 2-1: SINGLE (Flyball, 89S) Kris Bryant to third
|
Batting: RHB Yoenis Cespedes
|
0-0: Called Strike 0-1: Swinging Strike 0-2: Ball 1-2: 3-RUN HOME RUN (Flyball, 78XD), Distance : 415 ft
|
Batting: RHB Christian Villanueva
|
0-0: TRIPLE (Line Drive, 9LD)
|
Pitching: RHP Yonny Chirinos
|
|
Batting: RHB Caleb Joseph
|
0-0: Foul Ball, location: 2F 0-1: Foul Ball, location: 2F 0-2: Foul Ball, location: 2F 0-2: Ball 1-2: Strikes out looking
|
Batting: LHB Drew Robinson
|
0-0: Ball 1-0: Ball 2-0: Foul Ball, location: 2F 2-1: Fly out, F7 (Flyball, 7) Runner from 3rd tags up, SCORES, throw by LF
|
Batting: LHB Ben Revere
|
0-0: Called Strike 0-1: Ball 1-1: Foul Ball, location: 2F 1-2: SINGLE (Groundball, 34D)
|
Batting: RHB Tyler O'Neill
|
0-0: Ball 1-0: Called Strike 1-1: Ball 2-1: Foul Ball, location: 2F 2-2: Ball 3-2: 2-RUN HOME RUN (Flyball, 7LD), Distance : 338 ft
|
Batting: RHB Manny Machado
|
0-0: Ball 1-0: Ball 2-0: Fly out, F4 (Popup, 4)
|
Top of the 5th over - 6 runs, 6 hits, 0 errors, 0 left on base; Seattle 10 - Texas 2 |
BOTTOM OF THE 5TH |
Texas Rangers batting - Pitching for Seattle Mariners : RHP Tyler Thornburg
|
Batting: SHB Matt Wieters
|
0-0: Called Strike 0-1: Ball 1-1: Foul Ball, location: 2F 1-2: Foul Ball, location: 2F 1-2: Ball 2-2: Strikes out swinging
|
Batting: SHB Breyvic Valera
|
0-0: SINGLE (Groundball, 56D)
|
Batting: LHB Joc Pederson
|
0-0: Ball 1-0: Ball 2-0: Called Strike 2-1: Foul Ball, location: 2F 2-2: Ball 3-2: Foul Ball, location: 2F 3-2: Base on Balls Breyvic Valera to second
|
Batting: RHB Andrelton Simmons
|
0-0: Called Strike 0-1: Ball 1-1: Swinging Strike 1-2: Ball 2-2: Strikes out swinging
|
Batting: LHB Bryce Harper
|
0-0: Ball 1-0: Called Strike 1-1: Ball 2-1: Foul Ball, location: 2F 2-2: DOUBLE (Groundball, 3L) Breyvic Valera scores Joc Pederson to third Runner from 3rd tries for Home, SAFE, throw by RF to home
|
Batting: LHB Eric Thames
|
0-0: Ball 1-0: Ball 2-0: Ball 3-0: Called Strike 3-1: Called Strike 3-2: Base on Balls
|
Batting: SHB Jeimer Candelario
|
0-0: Ball 1-0: Ball 2-0: Ball 3-0: Base on Balls Bryce Harper to third Eric Thames to second
|
Batting: RHB Jake Smolinski
|
0-0: Ball 1-0: Called Strike 1-1: Ball 2-1: Foul Ball, location: 2F 2-2: Foul Ball, location: 2F 2-2: Ball 3-2: Foul Ball, location: 2F 3-2: Foul Ball, location: 2F 3-2: Base on Balls Bryce Harper scores Eric Thames to third Jeimer Candelario to second
|
Pitching: RHP Shawn Tolleson
|
|
Batting: SHB Asdrubal Cabrera
|
0-0: Called Strike 0-1: Called Strike 0-2: Strikes out swinging
|
Bottom of the 5th over - 3 runs, 2 hits, 0 errors, 3 left on base; Seattle 10 - Texas 5 |
TOP OF THE 6TH |
Seattle Mariners batting - Pitching for Texas Rangers : RHP Yonny Chirinos
|
Batting: RHB Kris Bryant
|
0-0: Foul Ball, location: 2F 0-1: Called Strike 0-2: Ball 1-2: Foul Ball, location: 2F 1-2: DOUBLE (Line Drive, 7LD)
|
Batting: LHB Preston Tucker
|
0-0: Swinging Strike 0-1: Ball 1-1: Swinging Strike 1-2: Ball 2-2: Ball 3-2: Strikes out looking
|
Batting: RHB Yoenis Cespedes
|
0-0: Called Strike 0-1: Foul Ball, location: 2F 0-2: Ball 1-2: Strikes out looking
|
Batting: RHB Christian Villanueva
|
0-0: Fly out, F7 (Flyball, 78M)
|
Top of the 6th over - 0 runs, 1 hit, 0 errors, 1 left on base; Seattle 10 - Texas 5 |
BOTTOM OF THE 6TH |
Texas Rangers batting - Pitching for Seattle Mariners : RHP Shawn Tolleson
|
Batting: SHB Matt Wieters
|
0-0: Ball 1-0: Fly out, F7 (Flyball, 7LM)
|
Batting: SHB Breyvic Valera
|
0-0: Called Strike 0-1: Ball 1-1: Fly out, F9 (Flyball, 9S)
|
Batting: LHB Joc Pederson
|
0-0: Ball 1-0: Ground out 4-3 (Groundball, 4MS)
|
Bottom of the 6th over - 0 runs, 0 hits, 0 errors, 0 left on base; Seattle 10 - Texas 5 |
TOP OF THE 7TH |
Seattle Mariners batting - Pitching for Texas Rangers : RHP Yonny Chirinos
|
Batting: RHB Caleb Joseph
|
0-0: Foul Ball, location: 2F 0-1: Fly out, F9 (Flyball, 9S)
|
Batting: LHB Drew Robinson
|
0-0: DOUBLE (Flyball, 8RXD)
|
Pitching: RHP Matt Bowman
|
|
Batting: LHB Ben Revere
|
0-0: Ball 1-0: SINGLE (Flyball, 89M) Drew Robinson to third Runner from 3rd tries for Home, throw by CF and OUT! 8-2
|
Batting: RHB Tyler O'Neill
|
0-0: Called Strike 0-1: Swinging Strike 0-2: Ball 1-2: Strikes out swinging
|
Top of the 7th over - 0 runs, 2 hits, 0 errors, 1 left on base; Seattle 10 - Texas 5 |
BOTTOM OF THE 7TH |
Texas Rangers batting - Pitching for Seattle Mariners : RHP Shawn Tolleson
|
Batting: RHB Andrelton Simmons
|
0-0: TRIPLE (Flyball, 9LD)
|
Batting: LHB Bryce Harper
|
0-0: Foul Ball, location: 2F 0-1: Ball 1-1: Ball 2-1: Swinging Strike 2-2: Ball 3-2: SINGLE (Line Drive, 7S) Andrelton Simmons scores
|
Batting: LHB Eric Thames
|
Balk! Bryce Harper to second 0-0: Ball 1-0: Ball 2-0: SINGLE (Groundball, 34D) Bryce Harper to third Runner from 3rd tries for Home, SAFE, no throw by RF
|
Pitching: RHP Edubray Ramos
|
|
Batting: SHB Jeimer Candelario
|
Balk! Eric Thames to second 0-0: Foul Ball, location: 2F 0-1: Ball 1-1: Foul Ball, location: 2F 1-2: Fly out, F8 (Flyball, 78M)
|
Batting: RHB Jake Smolinski
|
0-0: Called Strike 0-1: Fly out, F7 (Flyball, 7)
|
Batting: SHB Asdrubal Cabrera
|
0-0: Called Strike 0-1: Fly out, F8 (Flyball, 8LD)
|
Bottom of the 7th over - 2 runs, 3 hits, 0 errors, 1 left on base; Seattle 10 - Texas 7 |
TOP OF THE 8TH |
Seattle Mariners batting - Pitching for Texas Rangers : RHP Matt Bowman
|
Batting: RHB Manny Machado
|
0-0: Called Strike 0-1: Called Strike 0-2: Foul Ball, location: 2F 0-2: Strikes out swinging
|
Batting: RHB Kris Bryant
|
0-0: Called Strike 0-1: Ball 1-1: Foul Ball, location: 2F 1-2: Ball 2-2: Strikes out swinging
|
Batting: LHB Preston Tucker
|
0-0: Ball 1-0: Swinging Strike 1-1: Foul Ball, location: 2F 1-2: Fly out, F9 (Flyball, 89S)
|
Top of the 8th over - 0 runs, 0 hits, 0 errors, 0 left on base; Seattle 10 - Texas 7 |
BOTTOM OF THE 8TH |
Texas Rangers batting - Pitching for Seattle Mariners : RHP Edubray Ramos
|
Batting: SHB Matt Wieters
|
0-0: Called Strike 0-1: Called Strike 0-2: Ground out 4-3 (Groundball, 4)
|
Batting: SHB Breyvic Valera
|
0-0: Called Strike 0-1: Foul Ball, location: 2F 0-2: Ground out 6-3 (Groundball, 6M)
|
Batting: LHB Joc Pederson
|
0-0: Ball 1-0: Ball 2-0: SINGLE (Flyball, 9S)
|
Batting: RHB Andrelton Simmons
|
0-0: Ball 1-0: Ball 2-0: Ball 3-0: Base on Balls Joc Pederson to second
|
Batting: LHB Bryce Harper
|
0-0: Swinging Strike 0-1: Swinging Strike 0-2: Ball 1-2: Foul Ball, location: 2F 1-2: Foul Ball, location: 2F 1-2: Foul Ball, location: 2F 1-2: SINGLE (Groundball, 4MD) Joc Pederson to third Andrelton Simmons to second Runner from 3rd tries for Home, SAFE, no throw by CF
|
Batting: LHB Eric Thames
|
0-0: Ball 1-0: Ball 2-0: Ball 3-0: Base on Balls Andrelton Simmons to third Bryce Harper to second
|
Batting: SHB Jeimer Candelario
|
0-0: Foul Ball, location: 2F 0-1: Fielders Choice at 2nd, 5-4 (Groundball, 5)
|
Bottom of the 8th over - 1 run, 2 hits, 0 errors, 3 left on base; Seattle 10 - Texas 8 |
TOP OF THE 9TH |
Seattle Mariners batting - Pitching for Texas Rangers : RHP Matt Bowman
|
Pitching: RHP Will Harris
|
|
Batting: RHB Yoenis Cespedes
|
0-0: Ball 1-0: Called Strike 1-1: Called Strike 1-2: Ball 2-2: Strikes out swinging
|
Batting: RHB Christian Villanueva
|
0-0: Ball 1-0: Ball 2-0: Swinging Strike 2-1: Ball 3-1: Base on Balls
|
Batting: RHB Caleb Joseph
|
0-0: Foul Ball, location: 2F 0-1: Ball 1-1: Called Strike 1-2: Foul Ball, location: 2F 1-2: Grounds into double play, 1-6-3 (Groundball, P)
|
Top of the 9th over - 0 runs, 0 hits, 0 errors, 0 left on base; Seattle 10 - Texas 8 |
BOTTOM OF THE 9TH |
Texas Rangers batting - Pitching for Seattle Mariners : RHP Edubray Ramos
|
Pitching: RHP Wily Peralta
|
|
Batting: RHB Jake Smolinski
|
0-0: Ball 1-0: Ball 2-0: Ball 3-0: Foul Ball, location: 2F 3-1: Base on Balls
|
Batting: SHB Asdrubal Cabrera
|
0-0: Foul Ball, location: 2F 0-1: Ball 1-1: Called Strike 1-2: Fly out, F7 (Line Drive, 7)
|
Batting: SHB Matt Wieters
|
0-0: Ball 1-0: Called Strike 1-1: Swinging Strike 1-2: Strikes out swinging
|
Batting: SHB Breyvic Valera
|
0-0: Fielders Choice at 2nd, U6 (Groundball, 6M)
|
Bottom of the 9th over - 0 runs, 0 hits, 0 errors, 1 left on base; Seattle 10 - Texas 8 |
|